[Event "Titled Tuesday Blitz June 21 Early 2022"]
[White "Nesterov, Arseniy"]
[Black "Tica, Sven"]
[WhiteFideId "24198455"]
[BlackFideId "14526948"]
[WhiteElo "2489"]
[BlackElo "2346"]
[Result "1-0"]
[Round "07"]
[TimeControl "180+1"]
[Date "2022.06.21"]
[WhiteClock "0:00:06"]
[BlackClock "0:00:12"]

1. d4 g6 2. e4 Bg7 3. Nc3 a6 4. a4 d6 5. Bc4 e6 6. h4 h6 7. h5 g5 8. f4 Nc6 9. d5 Nd4 10. Nf3 c5 11. dxc6 Nxc6 12. fxg5 Qa5 13. Bb3 Nge7 14. gxh6 Bf6 15. Bd2 Qc5 16. Qe2 Bd7 17. O-O-O O-O-O 18. g4 Ne5 19. g5 Nxf3 20. gxf6 Nxd2 21. Qxd2 Ng8 22. Qxd6 Qc6 23. e5 Nxh6 24. Rhf1 Ng4 25. Qd4 Nh6 26. Ne4 Kb8 27. Nd6 Qc7 28. Qf4 Bc6 29. Rd3 Qa5 30. Rfd1 Rdg8 31. Kb1 Rg4 32. Qf2 Qxe5 33. Nc4 Qc7 34. Nb6 Nf5 35. Nd7+ Ka8 36. Nb6+ Kb8 37. a5 Rg2 38. Qc5 Be4 39. Qxc7+ Kxc7 40. Rd7+ Kc6 41. Rxf7 Rxh5 42. Ba4+ Kc5 43. Rc7+ Kb4 44. Rc4+ Kxa5 45. Rxe4 Kxb6 46. f7 Rh8 47. Rxe6+ Ka5 48. Re8 1-0


[Site "https://www.chess.com"]

[Event "Titled Tuesday Blitz June 21 Early 2022"]
[White "Oparin, Grigoriy"]
[Black "Bluebaum, Matthias"]
[WhiteFideId "24125890"]
[BlackFideId "24651516"]
[WhiteElo "2639"]
[BlackElo "2556"]
[Result "1-0"]
[Round "07"]
[TimeControl "180+1"]
[Date "2022.06.21"]
[WhiteClock "0:01:20"]
[BlackClock "0:00:05"]

1. d4 Nf6 2. c4 e6 3. Nf3 d5 4. g3 Bb4+ 5. Bd2 a5 6. Bg2 O-O 7. Qc2 c5 8. cxd5 cxd4 9. Nxd4 Qb6 10. e3 exd5 11. O-O Nc6 12. Nxc6 bxc6 13. Rc1 Rb8 14. b3 Bd7 15. Bxb4 axb4 16. Nd2 h5 17. a3 bxa3 18. Rxa3 h4 19. gxh4 Ra8 20. Rxa8 Rxa8 21. Nf3 Ra3 22. Ne5 Rxb3 23. Nxd7 Nxd7 24. Qxc6 Qxc6 25. Rxc6 Rb1+ 26. Bf1 Ne5 27. Rc8+ Kh7 28. Kg2 Rb2 29. Kg3 Rd2 30. Rd8 Nc6 31. Rd7 Ne5 32. Rd6 Kg8 33. Bg2 d4 34. Rxd4 Rxd4 35. exd4 Nc4 36. Kf4 Kf8 37. h5 Ke7 38. Bd5 Nd6 39. Kg5 Nb5 40. h6 gxh6+ 41. Kxh6 Kf6 42. h4 Nxd4 43. Be4 Ne6 44. h5 Nf4 45. f3 Ne6 46. Kh7 Ng5+ 47. Kg8 Ke5 48. h6 f5 49. Bb7 Kf6 50. h7 Kg6 51. h8=Q Ne6 52. Bd5 Nf8 53. Qg7+ Kh5 54. Qxf8 Kh4 55. Qg7 f4 56. Qg4# 1-0


[Site "https://www.chess.com"]

[Event "Titled Tuesday Blitz June 21 Early 2022"]
[White "Ovchinnikov, Vsevolod"]
[Black "Fier, Alexandr"]
[WhiteFideId "24176842"]
[BlackFideId "2107139"]
[WhiteElo "2376"]
[BlackElo "2571"]
[Result "0-1"]
[Round "07"]
[TimeControl "180+1"]
[Date "2022.06.21"]
[WhiteClock "0:00:02"]
[BlackClock "0:02:17"]

1. d4 Nf6 2. c4 c5 3. d5 e6 4. Nc3 exd5 5. cxd5 d6 6. Nf3 g6 7. Nd2 Bg7 8. e4 O-O 9. Be2 Na6 10. O-O Nc7 11. a4 Re8 12. Qc2 b6 13. Nc4 Ba6 14. Bf4 Bxc4 15. Bxc4 Ng4 16. h3 Ne5 17. Be2 a6 18. Bh2 Rb8 19. Kh1 b5 20. axb5 axb5 21. Nd1 Nc4 22. Bxc4 bxc4 23. f3 Rb4 24. Ra2 Nb5 25. Ne3 Nd4 26. Qd1 Qg5 27. Nc2 Nxc2 28. Qxc2 Qf6 29. Rb1 Reb8 30. Bg3 c3 31. b3 c4 32. Ra3 Qd8 33. Kh2 Qc7 34. Bf4 Qc5 35. h4 Qb6 36. Qc1 cxb3 37. Be3 Qd8 0-1


[Site "https://www.chess.com"]

[Event "Titled Tuesday Blitz June 21 Early 2022"]
[White "Ovezdurdyyeva, Jemal"]
[Black "Cramling Bellon, Anna"]
[WhiteFideId "14001888"]
[BlackFideId "32009232"]
[WhiteElo "1946"]
[BlackElo "1905"]
[Result "0-1"]
[Round "07"]
[TimeControl "180+1"]
[Date "2022.06.22"]
[WhiteClock "0:00:02"]
[BlackClock "0:00:01"]

1. e4 c5 2. Nf3 e6 3. d4 cxd4 4. Nxd4 Nf6 5. Bd3 Nc6 6. Nxc6 bxc6 7. Bf4 d5 8. Nd2 Bc5 9. O-O O-O 10. e5 Nd7 11. Qh5 f5 12. exf6 Nxf6 13. Qh4 Bd6 14. Bg3 e5 15. c4 e4 16. Bc2 Be7 17. Qg5 Ng4 18. Qh5 g6 19. Qh3 Ne3 20. Qh6 Bg5 21. Bc7 Bxh6 22. Bxd8 Nxf1 23. Be7 Nxd2 24. cxd5 Re8 25. d6 e3 26. fxe3 Bxe3+ 27. Kh1 Bf5 28. Ba4 Be4 29. Re1 Bc5 30. Re2 Nc4 31. b3 Nxd6 32. b4 Bxb4 33. Rb2 Bc5 34. Bf6 Kf7 35. Bc3 Nf5 36. h3 Re7 37. Kh2 Bd6+ 38. Kh1 Rae8 39. Bb3+ Bd5 40. Rf2 Kf8 0-1


[Site "https://www.chess.com"]

[Event "Titled Tuesday Blitz June 21 Early 2022"]
[White "Papasimakopoulos, Alexandros"]
[Black "Gracia Alvarez, Gerardo Antonio"]
[WhiteFideId "4244125"]
[BlackFideId "5109124"]
[WhiteElo "2340"]
[BlackElo "2139"]
[Result "1-0"]
[Round "07"]
[TimeControl "180+1"]
[Date "2022.06.22"]
[WhiteClock "0:00:35"]
[BlackClock "0:00:13"]

1. d4 Nf6 2. c4 c5 3. d5 b5 4. Nf3 g6 5. cxb5 a6 6. e3 Bg7 7. Nc3 O-O 8. a4 Bb7 9. e4 e6 10. dxe6 fxe6 11. bxa6 Nxa6 12. Bd3 Nb4 13. O-O d5 14. exd5 exd5 15. Bg5 d4 16. Bc4+ Kh8 17. Nb5 h6 18. Bh4 g5 19. Bg3 Ne4 20. Ne5 Ra6 21. Nf7+ Rxf7 22. Bxf7 Qf6 23. Bc4 Qg6 24. Qe2 h5 25. Bc7 Ra8 26. f3 Nf6 27. Rae1 g4 28. fxg4 Nxg4 29. Nd6 Bc6 30. Bf7 Qh6 31. Nf5 Qg5 32. Nxg7 Qxg7 33. Bxh5 Ne3 34. Bf3 Nxf1 35. Bxc6 Nxc6 36. Qh5+ Qh7 37. Be5+ Kg8 38. Qg4+ 1-0


[Site "https://www.chess.com"]

[Event "Titled Tuesday Blitz June 21 Early 2022"]
[White "Papp, Levente"]
[Black "Legenia, Artem"]
[WhiteFideId "751243"]
[BlackFideId "14136945"]
[WhiteElo "2308"]
[BlackElo "1936"]
[Result "1-0"]
[Round "07"]
[TimeControl "180+1"]
[Date "2022.06.22"]
[WhiteClock "0:00:39"]
[BlackClock "0:00:28"]

1. b3 d5 2. Bb2 Nf6 3. Nf3 Nbd7 4. c4 e6 5. g3 Bd6 6. Bg2 c6 7. d4 O-O 8. O-O Qe7 9. Nc3 b6 10. Re1 Bb7 11. e4 dxe4 12. Nxe4 Nxe4 13. Rxe4 Nf6 14. Rh4 Rad8 15. Qc2 Ba3 16. Bxa3 Qxa3 17. Re1 c5 18. Ng5 Bxg2 19. Nxh7 g6 20. Nxf6+ Kg7 21. Kxg2 Kxf6 22. d5 exd5 23. cxd5 Kg7 24. Qc3+ f6 25. Re7+ Rf7 26. Rxf7+ Kxf7 27. Rh7+ Kg8 28. Qxf6 Kxh7 29. Qe7+ Kh6 30. Qxd8 Qxa2 31. d6 Qd2 32. Qh4+ Kg7 33. Qe7+ Kh6 34. d7 Qd5+ 35. f3 Qd3 36. d8=Q Qc2+ 37. Kf1 Qb1+ 38. Qe1 1-0


[Site "https://www.chess.com"]

[Event "Titled Tuesday Blitz June 21 Early 2022"]
[White "Pappelis, Dimitrios"]
[Black "Jakubowska, Anna"]
[WhiteFideId "4215281"]
[BlackFideId "1121952"]
[WhiteElo "1998"]
[BlackElo "1878"]
[Result "1-0"]
[Round "07"]
[TimeControl "180+1"]
[Date "2022.06.22"]
[WhiteClock "0:01:12"]
[BlackClock "0:01:24"]

1. e4 c5 2. Nf3 e6 3. g3 d5 4. exd5 exd5 5. Bg2 Nf6 6. O-O Be7 7. d4 O-O 8. c3 Nc6 9. Re1 Bg4 10. dxc5 Bxc5 11. Be3 Bd6 12. Nbd2 Qd7 13. Qb3 Rfe8 14. Bd4 Nxd4 15. Nxd4 Bc5 16. N2f3 Ne4 17. Rad1 h6 18. Nd2 Bxd1 19. Qxd1 Nf6 20. N2f3 Rxe1+ 21. Qxe1 Re8 22. Qd1 Ne4 23. h3 Qa4 24. Qxa4 1-0


[Site "https://www.chess.com"]

[Event "Titled Tuesday Blitz June 21 Early 2022"]
[White "Paravyan, David"]
[Black "Jaracz, Pawel"]
[WhiteFideId "4194985"]
[BlackFideId "1102222"]
[WhiteElo "2569"]
[BlackElo "2459"]
[Result "1-0"]
[Round "07"]
[TimeControl "180+1"]
[Date "2022.06.21"]
[WhiteClock "0:00:44"]
[BlackClock "0:00:01"]

1. e4 c6 2. d4 d5 3. e5 c5 4. Nf3 cxd4 5. Nxd4 Nc6 6. Nxc6 bxc6 7. Bd3 e6 8. O-O Ne7 9. Nd2 g5 10. Nf3 h6 11. Nd4 c5 12. Nb5 Nf5 13. Bxf5 exf5 14. Qxd5 Qxd5 15. Nc7+ Kd7 16. Nxd5 Bb7 17. Rd1 Bxd5 18. Rxd5+ Ke6 19. c4 Be7 20. Be3 Rhd8 21. Rad1 Rxd5 22. Rxd5 Rc8 23. g3 a5 24. a4 f4 25. gxf4 gxf4 26. Bxf4 Rg8+ 27. Kf1 Rg4 28. Bxh6 Rxc4 29. Rd3 Rh4 30. Bd2 Rxa4 31. Rb3 Kxe5 32. Rb5 Ra1+ 33. Kg2 a4 34. b3 Kd5 35. bxa4 Rxa4 36. Rb7 Re4 37. Kf3 Re6 38. Rc7 c4 39. Be3 Bd6 40. Rxf7 Bxh2 41. Rf5+ Be5 42. Ke2 Ke4 43. Rh5 c3 44. f3+ Kd5 45. f4 Ke4 46. fxe5 Rxe5 47. Rh4+ Kd5 48. Rd4+ Ke6 49. Rc4 Kf5 50. Kf3 Rb5 51. Rxc3 Rd5 52. Rc6 Rb5 53. Bd4 Rb3+ 54. Bc3 1-0


[Site "https://www.chess.com"]

[Event "Titled Tuesday Blitz June 21 Early 2022"]
[White "Parkhov, Yair"]
[Black "Tisaj, Domen"]
[WhiteFideId "2813408"]
[BlackFideId "14628708"]
[WhiteElo "2206"]
[BlackElo "2326"]
[Result "0-1"]
[Round "07"]
[TimeControl "180+1"]
[Date "2022.06.22"]
[WhiteClock "0:00:11"]
[BlackClock "0:01:32"]

1. e4 c5 2. Nf3 d6 3. Bb5+ Nd7 4. O-O a6 5. Bd3 Ngf6 6. Re1 b5 7. c4 bxc4 8. Bxc4 Nb6 9. d3 e5 10. Nc3 Be7 11. Bg5 O-O 12. Bxf6 Bxf6 13. Nd5 Nxd5 14. Bxd5 Rb8 15. b3 g6 16. Nd2 Kg7 17. Nc4 Bg5 18. Qe2 f5 19. Kh1 h5 20. h3 f4 21. f3 Bh4 22. Reb1 g5 23. b4 cxb4 24. d4 Qf6 25. dxe5 dxe5 26. Qb2 Re8 27. Rc1 g4 28. Nxe5 Qxe5 29. Rc7+ Kh8 30. Qxe5+ Rxe5 31. Rac1 Be6 32. R1c6 Bxd5 33. Rh6+ Kg8 34. Rhh7 Bf6 35. hxg4 hxg4 36. fxg4 Bxe4 37. g5 Bxh7 38. gxf6 a5 39. Rg7+ Kh8 40. g4 fxg3 41. f7 Rf8 0-1


[Site "https://www.chess.com"]

[Event "Titled Tuesday Blitz June 21 Early 2022"]
[White "Pein, Jonathan"]
[Black "Buscar, Michael"]
[WhiteFideId "417092"]
[BlackFideId "2603616"]
[WhiteElo "2140"]
[BlackElo "2010"]
[Result "0-1"]
[Round "07"]
[TimeControl "180+1"]
[Date "2022.06.22"]
[WhiteClock "0:00:21"]
[BlackClock "0:00:05"]

1. e4 c5 2. Ne2 d5 3. exd5 Qxd5 4. d4 cxd4 5. Qxd4 Qxd4 6. Nxd4 e5 7. Nb5 Na6 8. N1c3 Nf6 9. Be3 b6 10. O-O-O Bb7 11. f3 Be7 12. Nd6+ Bxd6 13. Rxd6 Ke7 14. Rd1 Nc7 15. Bc4 Rhd8 16. Rxd8 Rxd8 17. Rd1 Nfd5 18. Bd2 Nxc3 19. Bxc3 Rxd1+ 20. Kxd1 f6 21. Bb4+ Ke8 22. Bd6 Bd5 23. Bd3 Ne6 24. Bxh7 Nf4 25. g3 Bxf3+ 26. Kd2 Ne6 27. c3 Ng5 28. Bg6+ Kd7 29. Bb8 a6 30. Ba7 Kc7 31. h4 Ne6 32. Ke3 Bc6 33. Bf5 Nd8 34. g4 Kb7 35. Bxb6 Kxb6 36. g5 fxg5 37. hxg5 Nf7 38. g6 Nd6 39. Bd3 Bd5 40. b3 Be6 41. c4 Bd7 42. a3 Bc6 43. b4 Ne8 44. c5+ Kb7 45. Bc4 Nf6 46. Bb3 Be8 47. Bc2 Kc7 48. a4 Nd5+ 49. Ke4 Nxb4 50. Kxe5 Nxc2 51. Ke6 Bxg6 52. Ke5 Be8 53. Ke6 Bxa4 54. Ke5 Kc6 0-1


[Site "https://www.chess.com"]

[Event "Titled Tuesday Blitz June 21 Early 2022"]
[White "Perez Gormaz, Matias"]
[Black "Daeschler, Florian"]
[WhiteFideId "3406342"]
[BlackFideId "20678193"]
[WhiteElo "2341"]
[BlackElo "2221"]
[Result "0-1"]
[Round "07"]
[TimeControl "180+1"]
[Date "2022.06.22"]
[WhiteClock "0:00:03"]
[BlackClock "0:01:15"]

1. e4 c5 2. Nf3 d6 3. Bb5+ Nd7 4. a4 Nf6 5. Nc3 e5 6. d3 h6 7. a5 g6 8. Bc4 Bg7 9. h3 O-O 10. g4 Kh7 11. Be3 Nb8 12. Qd2 Nc6 13. g5 Nh5 14. gxh6 Bf6 15. Rg1 Nd4 16. Bxd4 cxd4 17. Nd5 Be6 18. O-O-O Bxd5 19. Bxd5 Rb8 20. Rg4 a6 21. Rdg1 b6 22. Ng5+ Bxg5 23. Rxg5 Nf4 24. axb6 Qxb6 25. Bb3 a5 26. Kd1 a4 27. Bxa4 Qxb2 28. Bb3 Ra8 29. Qc1 Ra1 30. Kd2 Qc3+ 31. Kd1 Rxc1+ 0-1


[Site "https://www.chess.com"]

[Event "Titled Tuesday Blitz June 21 Early 2022"]
[White "Petrova, Irina"]
[Black "Tologon tegin, Semetei"]
[WhiteFideId "14124122"]
[BlackFideId "13800574"]
[WhiteElo "1993"]
[BlackElo "2174"]
[Result "0-1"]
[Round "07"]
[TimeControl "180+1"]
[Date "2022.06.22"]
[WhiteClock "0:00:12"]
[BlackClock "0:00:05"]

1. e4 c6 2. d4 d5 3. e5 Bf5 4. h4 h5 5. c4 e6 6. Nc3 Nd7 7. Bg5 Ne7 8. cxd5 exd5 9. Bd3 Bxd3 10. Qxd3 Qb6 11. Nge2 g6 12. e6 fxe6 13. Bxe7 Kxe7 14. Qxg6 Bh6 15. O-O Rag8 16. Qd3 Rg4 17. Rfe1 Kd6 18. Na4 Qb5 19. Qa3+ Kc7 20. Ng3 Bf4 21. Rxe6 Rxh4 22. Nc5 Nxc5 23. dxc5 Kb8 24. Rae1 a6 25. Qf3 Qxc5 26. Nf5 Rg4 27. Qb3 Rhg8 28. Re8+ Ka7 29. Rxg8 Rxg8 30. Qf3 Rg4 31. Ne7 Qd4 32. Qe2 Qg7 33. Nc8+ Kb8 34. Qe8 Rxg2+ 35. Kf1 Rg1+ 36. Ke2 Rxe1+ 37. Kxe1 Qe5+ 38. Qxe5+ Bxe5 39. Ne7 Bxb2 40. Nf5 Bf6 41. Ng3 h4 42. Nh5 Be7 43. f4 Kc7 44. f5 Kd7 45. Nf4 Bb4+ 46. Kf2 Ke7 47. Nd3 Bc3 48. Kf3 Kf6 49. Kg4 Bd4 50. Nf4 a5 51. Nh5+ Kf7 52. Kxh4 b5 53. Kg4 b4 54. Kf3 a4 55. Ke2 b3 56. axb3 a3 57. Nf4 a2 0-1


[Site "https://www.chess.com"]

[Event "Titled Tuesday Blitz June 21 Early 2022"]
[White "Pinheiro, Iung Alicio de O."]
[Black "Ljukin, Sergei"]
[WhiteFideId "2104350"]
[BlackFideId "14102200"]
[WhiteElo "2283"]
[BlackElo "2312"]
[Result "0-1"]
[Round "07"]
[TimeControl "180+1"]
[Date "2022.06.22"]
[WhiteClock "0:00:07"]
[BlackClock "0:00:34"]

1. e4 e6 2. d4 d5 3. e5 c5 4. c3 Nc6 5. Nf3 Qb6 6. Bd3 cxd4 7. O-O Bd7 8. Re1 a6 9. a3 dxc3 10. Nxc3 f6 11. exf6 Nxf6 12. Bg5 Be7 13. Bxf6 gxf6 14. b4 O-O 15. Nh4 Rf7 16. Re3 Ne5 17. Rg3+ Rg7 18. Bc2 Rxg3 19. hxg3 Rc8 20. Qh5 f5 21. Nxd5 exd5 22. Bxf5 Bxf5 23. Nxf5 Bf6 24. Qh6 Ng4 25. Qf4 Qxf2+ 26. Qxf2 Nxf2 27. Kxf2 Rc2+ 28. Ke3 Bxa1 29. Ne7+ Kf7 30. Nxd5 Ra2 0-1


[Site "https://www.chess.com"]

[Event "Titled Tuesday Blitz June 21 Early 2022"]
[White "Prieto Aranguren, Alain"]
[Black "Piliczewski, Bogusz"]
[WhiteFideId "2268906"]
[BlackFideId "1104144"]
[WhiteElo "2224"]
[BlackElo "1896"]
[Result "1-0"]
[Round "07"]
[TimeControl "180+1"]
[Date "2022.06.22"]
[WhiteClock "0:01:14"]
[BlackClock "0:00:03"]

1. d4 d5 2. Nf3 Nf6 3. Bg5 Ne4 4. Bc1 Bf5 5. Nh4 Bg4 6. f3 e6 7. g3 Nxg3 8. hxg3 Bh5 9. Ng2 Bg6 10. Nf4 Qg5 11. Kf2 Bd6 12. Nh5 Qe7 13. Nxg7+ Kd7 14. Nh5 Rg8 15. g4 Nc6 16. e3 f5 17. Bh3 Qh4+ 18. Ke2 Bxh5 19. gxh5 Qxh5 20. Nc3 Rg3 21. Qf1 1-0


[Site "https://www.chess.com"]

[Event "Titled Tuesday Blitz June 21 Early 2022"]
[White "Przybylski, Wojciech"]
[Black "Halkias, Stelios"]
[WhiteFideId "1117599"]
[BlackFideId "4201809"]
[WhiteElo "2133"]
[BlackElo "2453"]
[Result "0-1"]
[Round "07"]
[TimeControl "180+1"]
[Date "2022.06.21"]
[WhiteClock "0:00:02"]
[BlackClock "0:00:10"]

1. d4 Nf6 2. Nf3 g6 3. g3 Bg7 4. Bg2 c5 5. e3 O-O 6. O-O d5 7. Re1 Nc6 8. Nbd2 Qb6 9. Nb3 c4 10. Nbd2 Rd8 11. Nb1 Bf5 12. a3 Ne4 13. Nc3 Nxc3 14. bxc3 Qa5 15. Bd2 Qa4 16. Ra2 Be4 17. h3 h6 18. Kh2 e5 19. Qb1 Rd7 20. Qb2 Re8 21. Rb1 Qa5 22. Qc1 Qc7 23. a4 Bf6 24. Qa3 Kg7 25. a5 h5 26. h4 Bf5 27. Qa4 exd4 28. cxd4 Be4 29. Rab2 Qc8 30. Kg1 Rde7 31. Qb5 Rc7 32. Bb4 Re6 33. Bc5 Bd8 34. Ra2 Rd7 35. Rd1 a6 36. Qa4 Bxa5 37. Ng5 Re8 38. Nxe4 dxe4 39. d5 Bc7 40. Qxc4 f5 41. Rb1 Ne5 42. Qd4 b5 43. c4 Bd6 44. Bxd6 Rxd6 45. c5 Rdd8 46. d6 Qe6 47. Rxa6 Kh6 48. Rb6 Ra8 49. R6xb5 Ra2 50. Rb7 Rea8 51. c6 Rc2 52. d7 Nxc6 0-1


[Site "https://www.chess.com"]

[Event "Titled Tuesday Blitz June 21 Early 2022"]
[White "Reprintsev, Alexander"]
[Black "Mahitosh, Dey"]
[WhiteFideId "14100541"]
[BlackFideId "25091468"]
[WhiteElo "2108"]
[BlackElo "1624"]
[Result "0-1"]
[Round "07"]
[TimeControl "180+1"]
[Date "2022.06.22"]
[WhiteClock "0:00:33"]
[BlackClock "0:00:28"]

1. e4 e5 2. f4 exf4 3. Bc4 d5 4. Bxd5 Nf6 5. Nc3 Nxd5 6. Nxd5 Qh4+ 7. Kf1 Bg4 8. Nf3 Bd6 9. d4 Qh5 10. Bxf4 O-O 11. Bxd6 cxd6 12. h3 Nc6 13. c3 Rae8 14. Kf2 Rxe4 15. Nf6+ gxf6 16. hxg4 Qxg4 17. Rh4 Qf5 18. Rxe4 Qxe4 19. Qb1 f5 20. Qh1 Re8 21. Re1 Qc2+ 22. Kg3 Rxe1 23. Qxe1 Qe4 24. Qd2 Qg4+ 25. Kf2 f4 26. Qe2 Qe6 27. Ng5 Qf6 28. Qe8+ Kg7 29. Nf3 Ne7 30. Qd8 Nf5 31. Qxf6+ Kxf6 32. Nd2 Ne3 33. Kf3 Nd1 34. Ne4+ Ke6 35. b3 f5 36. Ng5+ Kf6 37. Nxh7+ Kg7 38. Ng5 Nxc3 39. Kxf4 Kf6 40. Nh7+ Kg6 41. Nf8+ Kf7 42. Nd7 Ne2+ 43. Kxf5 Nxd4+ 44. Ke4 Ne2 45. g4 Ke7 46. Nb8 Nc3+ 47. Kf5 Nxa2 48. g5 Nc3 49. g6 Nb5 50. Kg5 Nd4 51. Kh6 Nf5+ 52. Kh7 d5 0-1


[Site "https://www.chess.com"]

[Event "Titled Tuesday Blitz June 21 Early 2022"]
[White "Rodchenkov, Sergey D."]
[Black "Starozhilov, Leonid"]
[WhiteFideId "4168712"]
[BlackFideId "14106752"]
[WhiteElo "2293"]
[BlackElo "2414"]
[Result "0-1"]
[Round "07"]
[TimeControl "180+1"]
[Date "2022.06.21"]
[WhiteClock "0:00:06"]
[BlackClock "0:00:04"]

1. e4 Nc6 2. d4 d6 3. Bb5 a6 4. Bxc6+ bxc6 5. c4 Nf6 6. Nc3 g6 7. f3 Bg7 8. Be3 Rb8 9. Qd2 Nd7 10. O-O-O e5 11. Bh6 Bf6 12. dxe5 Nxe5 13. b3 Be6 14. Nge2 Qe7 15. c5 dxc5 16. h3 c4 17. f4 Nd3+ 18. Kb1 Qb4 19. e5 Be7 20. Nd4 Qb6 21. Nxe6 fxe6 22. Ka1 Qd4 23. Kb1 Bb4 24. Ne2 Qe4 25. Qc2 Kf7 26. Rhf1 Rhd8 27. f5 gxf5 28. Ng3 Qxe5 29. Nxf5 exf5 30. g4 Kg8 31. gxf5 Qc3 32. Rg1+ Kf7 33. Qg2 Rg8 34. Qxc6 Qb2# 0-1


[Site "https://www.chess.com"]

[Event "Titled Tuesday Blitz June 21 Early 2022"]
[White "Rustemov, Alexander"]
[Black "Domingo Nunez, Ruben"]
[WhiteFideId "4119002"]
[BlackFideId "22245570"]
[WhiteElo "2754"]
[BlackElo "2376"]
[Result "0-1"]
[Round "07"]
[TimeControl "180+1"]
[Date "2022.06.21"]
[WhiteClock "0:00:06"]
[BlackClock "0:00:19"]

1. d4 g6 2. c4 Bg7 3. Nf3 d6 4. g3 Nf6 5. Bg2 O-O 6. Nc3 Nbd7 7. d5 c5 8. dxc6 bxc6 9. Nd4 Ne5 10. Nxc6 Nxc6 11. Bxc6 Be6 12. Bxa8 Qxa8 13. O-O Bh3 14. f3 Bxf1 15. Kxf1 Rc8 16. Qd3 Ng4 17. Qe4 Qxe4 18. Nxe4 Ne5 19. Ke1 Nxc4 20. Rb1 Nxb2 21. Bxb2 Rb8 22. Rc1 Bxb2 23. Rc7 f5 24. Ng5 Bf6 25. f4 a5 26. Ra7 h6 27. Nf3 Rb2 28. a4 Ra2 29. h3 Rxa4 30. Kf2 Kf7 31. Ke3 Ra1 32. g4 a4 33. g5 hxg5 34. fxg5 Bg7 35. h4 a3 36. h5 gxh5 37. Nh4 Ke6 38. Ng6 Rg1 39. Rxe7+ Kd5 40. Nf4+ Kc6 41. Rxg7 a2 42. Ra7 a1=Q 43. Rxa1 Rxa1 44. Nxh5 Ra4 45. Nf4 Re4+ 46. Kf3 Kd7 47. e3 Ke7 48. Ke2 Kf7 49. Kd3 Ra4 50. Ke2 Ra8 51. Kf3 Rg8 52. Nh3 Kg6 53. Kf4 Rh8 54. Ng1 Rh4+ 55. Kf3 Kxg5 56. Ne2 Rg4 57. Nd4 Rxd4 58. exd4 d5 59. Kg3 f4+ 60. Kg2 Kf5 61. Kf3 Kg5 62. Kf2 Kg4 63. Kg2 f3+ 64. Kf2 Kf4 0-1


[Site "https://www.chess.com"]

[Event "Titled Tuesday Blitz June 21 Early 2022"]
[White "Sailer, Mike"]
[Black "Clawitter, Craig"]
[WhiteFideId "2012901"]
[BlackFideId "2023105"]
[WhiteElo "2109"]
[BlackElo "2257"]
[Result "0-1"]
[Round "07"]
[TimeControl "180+1"]
[Date "2022.06.22"]
[WhiteClock "0:00:03"]
[BlackClock "0:00:11"]

1. d4 e6 2. Nf3 Nf6 3. Bg5 d5 4. e3 Be7 5. Be2 b6 6. O-O O-O 7. c4 Bb7 8. Nc3 dxc4 9. Bxc4 Ne4 10. Bxe7 Qxe7 11. Nxe4 Bxe4 12. Rc1 Rd8 13. Ne5 c5 14. f3 Bb7 15. Qb3 cxd4 16. Rfd1 Nc6 17. Nxc6 Bxc6 18. Rxd4 Rxd4 19. exd4 Bb7 20. Bd3 Rd8 21. Qa4 Bd5 22. Be4 g6 23. Bxd5 Rxd5 24. h3 Qd7 25. Qxd7 Rxd7 26. Rc4 Kf8 27. Kf2 Ke7 28. Ke3 Kd6 29. Rc8 Rc7 30. Rh8 Rc2 31. Rxh7 Ke7 32. g4 Rxb2 33. h4 Rxa2 34. h5 gxh5 35. Rxh5 Ra5 36. Rxa5 bxa5 37. Kd3 Kf6 38. f4 Ke7 39. Kc4 Kd6 40. Kb5 Kd5 41. Kxa5 Kxd4 42. Ka6 Ke4 43. f5 exf5 44. gxf5 Kxf5 45. Kxa7 Ke4 46. Kb6 f5 0-1


[Site "https://www.chess.com"]

[Event "Titled Tuesday Blitz June 21 Early 2022"]
[White "Samaganova, Aleksandra"]
[Black "Petrovic, Aleksa"]
[WhiteFideId "13800221"]
[BlackFideId "967629"]
[WhiteElo "1864"]
[BlackElo "2117"]
[Result "0-1"]
[Round "07"]
[TimeControl "180+1"]
[Date "2022.06.22"]
[WhiteClock "0:00:01"]
[BlackClock "0:00:16"]

1. c4 e6 2. Nc3 d5 3. e3 Nf6 4. Nf3 Be7 5. d4 O-O 6. Bd3 a6 7. cxd5 exd5 8. O-O Bg4 9. h3 Bxf3 10. Qxf3 c5 11. dxc5 Nbd7 12. b4 a5 13. b5 Ne5 14. Qe2 d4 15. Na4 dxe3 16. Bc2 exf2+ 17. Qxf2 Nd3 18. Qf5 Qd4+ 19. Kh1 Qxa1 20. Bxd3 Qxa2 21. Nb6 Rad8 22. Bb1 Qe6 23. Qf2 Ne4 24. Qe3 Bxc5 25. Qxe4 Qxe4 26. Bxe4 Bxb6 27. Bxb7 Rfe8 28. Bc6 Re2 29. Bg5 f6 30. Bf4 a4 31. Ra1 Rd4 32. Bg3 Kf7 33. Bb7 Bc5 34. Bf3 Rb2 35. Bc7 Rxb5 36. Bc6 Rb2 37. Rxa4 Rxa4 38. Bxa4 Rb1+ 39. Kh2 Bg1+ 40. Kg3 Ra1 41. Bb3+ Ke7 42. Bc2 Ra3+ 0-1


[Site "https://www.chess.com"]

[Event "Titled Tuesday Blitz June 21 Early 2022"]
[White "Samunenkov, Ihor"]
[Black "Coto Mederos, Michel"]
[WhiteFideId "14187086"]
[BlackFideId "3508528"]
[WhiteElo "2409"]
[BlackElo "2427"]
[Result "1-0"]
[Round "07"]
[TimeControl "180+1"]
[Date "2022.06.22"]
[WhiteClock "0:01:02"]
[BlackClock "0:00:15"]

1. d4 d5 2. c4 e6 3. Nf3 Nf6 4. g3 Bb4+ 5. Bd2 Be7 6. Bg2 O-O 7. O-O Ne4 8. Bf4 c6 9. Nbd2 g5 10. Bxb8 Rxb8 11. cxd5 exd5 12. Nxe4 dxe4 13. Ne5 f6 14. Qb3+ Qd5 15. Nxc6 Qxb3 16. Nxe7+ Kf7 17. axb3 Kxe7 18. Bxe4 f5 19. Bg2 a6 20. Rfc1 Kd6 21. Ra5 Bd7 22. Rd5+ Ke6 23. Rc7 Bc6 24. Re5+ Kd6 25. Rxh7 Bxg2 26. Kxg2 Rbe8 27. f4 gxf4 28. gxf4 Rc8 29. Rxb7 Rg8+ 30. Kf3 Rc1 31. Rb6+ Kd7 32. Rxa6 Rh1 33. Rxf5 Rxh2 34. Rf7+ Ke8 35. Rb7 Rh3+ 36. Ke4 1-0


[Site "https://www.chess.com"]

[Event "Titled Tuesday Blitz June 21 Early 2022"]
[White "Sarana, Alexey"]
[Black "Timofeev, Artyom"]
[WhiteFideId "24133795"]
[BlackFideId "4140419"]
[WhiteElo "2666"]
[BlackElo "2578"]
[Result "0-1"]
[Round "07"]
[TimeControl "180+1"]
[Date "2022.06.21"]
[WhiteClock "0:00:02"]
[BlackClock "0:00:07"]

1. d4 Nf6 2. c4 g6 3. Nc3 d5 4. cxd5 Nxd5 5. e4 Nxc3 6. bxc3 Bg7 7. Be3 c5 8. Qd2 Qa5 9. Rc1 O-O 10. Nf3 Rd8 11. d5 Nc6 12. Bd3 b6 13. h4 e6 14. Bg5 f6 15. Be3 exd5 16. exd5 Ne7 17. c4 Qxd2+ 18. Kxd2 Nf5 19. Bf4 Bf8 20. Rhe1 Bd6 21. Bxd6 Nxd6 22. Re7 Bg4 23. Rce1 Re8 24. a4 a6 25. Rc7 Rxe1 26. Nxe1 b5 27. Rc6 Nxc4+ 28. Bxc4 bxc4 29. Rxc5 Rd8 30. Nc2 Bd7 31. a5 Kf8 32. Kc3 Ke7 33. Ne3 Rb8 34. Nxc4 Rb1 35. Rc7 Kd8 36. Ra7 Bb5 37. Nd6 Bf1 38. Nf7+ Ke8 39. d6 Rd1 40. g3 Bb5 41. Kb4 Rd5 42. Nh6 Rxd6 43. Rxh7 Rc6 44. Rg7 Bd3 45. Ng4 Rc4+ 46. Kb3 Rxg4 47. Kc3 Bf5 48. Ra7 Bc8 49. Rc7 Kd8 50. Rc6 f5 51. Kd2 Kd7 52. Rb6 f4 53. gxf4 Rxf4 54. Rxg6 Rxh4 55. Rg5 Rb4 56. Ke3 Rb5 57. Rg7+ Kd6 58. Rg6+ Be6 59. f4 Rxa5 60. Rg5 Rb5 61. Rg6 Ke7 62. Rg7+ Kf6 63. Ra7 a5 64. Ra8 Bb3 65. Kd4 a4 66. Rf8+ Ke7 67. Ra8 Rd5+ 68. Kc3 Rf5 69. Ra7+ Kf6 70. Ra6+ Kf7 71. Ra7+ Kg6 72. Ra6+ Kh5 73. Rb6 Rxf4 74. Rb5+ Kg6 75. Rb6+ Kf7 76. Rd6 Ke7 77. Rd3 Rf6 78. Kb2 Rb6 79. Ka3 Ke6 80. Rd2 Ke5 81. Rd3 Ke4 82. Rd2 Ke3 83. Rd8 Bc2 84. Rd7 Rb3+ 85. Ka2 Rb6 86. Ka3 Rc6 87. Rd8 Bb3 88. Rd7 Rc2 89. Re7+ Kd2 90. Rd7+ Kc1 91. Kb4 Rb2 0-1


[Site "https://www.chess.com"]